 Dungeon Crawl Stone Soup version 0.26-a0-660-gc07710193c (webtiles) character file.

Game seed: 6927382245103352520

31 lunkers the Sneak (level 3, -2/23 HPs)
             Began as a Kobold Delver on Oct 5, 2020.
             Slain by a worker ant (7 damage)
             ... on level 4 of the Dungeon.
             The game lasted 00:00:56 (316 turns).

lunkers the Sneak (Kobold Delver)                    Turns: 316, Time: 00:00:56

Health: -2/23      AC:  3    Str:  9    XL:     3   Next: 40%
Magic:  3/3        EV: 14    Int: 11    God:
Gold:   17         SH:  0    Dex: 17    Spells: 2/2 levels left

rFire    . . .     SeeInvis .   a - +0 short sword
rCold    . . .     Faith    .   (shield restricted)
rNeg     . . .     Spirit   .   b - +0 leather armour
rPois    .         Reflect  .   (no helmet)
rElec    .         Harm     .   (no cloak)
rCorr    .         Rampage  .   (no gloves)
MR       .....                  (no boots)
Stlth    ++++......             (no amulet)
HPRegen  0.07/turn              (no ring)
MPRegen  0.08/turn              (no ring)

@: lethally poisoned (-2 -> -14)
A: small, nightstalker 3
a: no special abilities


You were on level 4 of the Dungeon.
You visited 1 branch of the dungeon, and saw 2 of its levels.

You collected 17 gold pieces.

Inventory:

Hand Weapons
 a - a +0 short sword (weapon)
Armour
 b - a +0 leather armour (worn)
Wands
 g - a wand of digging (3)
Scrolls
 c - a scroll of fog
 e - a scroll of fear
 h - a scroll of identify {unknown}
Potions
 f - a potion of haste


   Skills:
 - Level 3.2 Fighting
 + Level 3.9 Short Blades
 - Level 2.4 Dodging
 + Level 7.3 Stealth


You had 2 spell levels left.
You didn't know any spells.
Your spell library was empty.

Dungeon Overview and Level Annotations

Branches:
Dungeon (5/15)             Temple (0/1) D:4

Altars:


Innate Abilities, Weirdness & Mutations

You are small and have problems with some larger weapons.
You are completely attuned to the shadows.


Message History

The worker ant is moderately wounded.
* * * LOW HITPOINT WARNING * * *
You feel sick. The worker ant misses you.
Unknown command.
You hit the worker ant but do no damage.
The worker ant is moderately wounded.
* * * LOW HITPOINT WARNING * * *
You feel sick.
The worker ant waves its antennae.
The worker ant misses you.
You hit the worker ant but do no damage.
The worker ant is lightly wounded.
* * * LOW HITPOINT WARNING * * *
You feel sick. The worker ant bites you.
* * * LOW HITPOINT WARNING * * *
You closely miss the worker ant.
The worker ant is lightly wounded.
* * * LOW HITPOINT WARNING * * *
You feel sick. The worker ant bites you!
You die...

,,,,,,,,>* *,,,,,,,,,**#)#....#
,,,,,,,,,***,*,,,,,*,* *#.#...#
*,,*,,*,,*,,,*,,,,**,* #.....#
,,,,,,,,,***##.#.##*,* #B#..##
**********,,#.....##.####.#l.#
********,,,,........#........#
,,,,,,,,,,,,#...l.##.#.##.####
********,,****,#B#*#.#.##.#
,,,,,,,,,,,,,,,#@# #.#.##.#######
***************#.###.............
#.......##.#######
##########....#### ####.>...
######


You could see a worker ant and a frilled lizard.

Vanquished Creatures
  A hound (D:4)
  An orc (D:4)
  A giant cockroach (D:5)
3 creatures vanquished.

Notes
Turn   | Place    | Note
-------+----------+-------------------------------------------
     0 | D:5      | lunkers the Kobold Delver began the quest for the Orb.
     0 | D:5      | Reached XP level 1. HP: 14/14 MP: 1/1
    37 | D:4      | Noticed a hound
    38 | D:4      | Killed a hound
    38 | D:4      | Reached skill level 7 in Stealth
    38 | D:4      | Reached XP level 2. HP: 19/19 MP: 2/2
    38 | D:4      | Reached XP level 3. HP: 23/23 MP: 3/3
   316 | D:4      | Slain by a worker ant

Illustrated notes

Levels and vault maps discovered:
D:4:      layout_loops_ring, tso_metal_star, temple_hall, uniq_edmund, uniq_ijyb
D:5:      layout_rooms, lemuel_crystal_altar, grunt_qazlal_sundering,
          uniq_blork_the_orc

Skill      XL: |  1 |
---------------+----+-----
Short Blades   | 3 |  3.9
Stealth        | 7 |  7.3
Fighting       | |  3.2
Dodging        | |  2.4

Action                   || total
-------------------------++-------
Melee: Short sword       ||    36
  Use: Scroll            ||     2
 Stab: Sleeping          ||     1
Armor: Leather armour    ||     3
Dodge: Dodged            ||    21

Table legend: (Time is in decaauts)
 A = Elapsed time spent in this place.
 B = Non-inter-level travel time spent in this place.
 C = Inter-level travel time spent in this place.
 D = Time resting spent in this place.
 E = Time spent auto-exploring this place.
 F = Levels seen in this place.
 G = Mean time per level.
                   A        B        C        D        E       F      G
               +--------+--------+--------+--------+--------+-----+--------+
         Total |    312 |    312 |      0 |    179 |     16 |   2 |  156.0 |
       Dungeon |    312 |    312 |      0 |    179 |     16 |   2 |  156.0 |
               +--------+--------+--------+--------+--------+-----+--------+

Top non-repeatable levels by time:
     D:4: 275 daAuts
     D:5: 36 daAuts
